 Dungeon Crawl Stone Soup version 0.30.0-29-ga12c61a403 (webtiles) character file.

Game seed: 11523564543721609484

2218 cheesebisquit the Grappler (level 9, 0/88 HPs)
             Began as a Troll Fighter on June 4, 2023.
             Was a Follower of Wu Jian.
             Slain by a vampire (10 damage)
             ... on level 7 of the Dungeon.
             The game lasted 00:16:56 (5363 turns).

cheesebisquit the Grappler (Troll Fighter)          Turns: 5363, Time: 00:16:57

Health: 0/88       AC:  7    Str: 26    XL:     9   Next: 13%
Magic:  8/8        EV:  9    Int:  8    God:    Wu Jian [*.....]
Gold:   457        SH:  0    Dex:  9    Spells: 8/8 levels left

rFire   . .          .
                       - Unarmed
rCold   . . .        b - +2 kite shield
rNeg    . . .        c - +0 steam dragon scales
rPois   .            (helmet restricted)
rElec   .            x - scarf {+Inv}
rCorr   .            (gloves unavailable)
SInv    .            (boots unavailable)
Will    .....        (no amulet)
Stlth   +            (no ring)
HPRegen 1.14/turn    (no ring)
MPRegen 0.11/turn

%: clarity
@: confused
A: large, unfitting armour, claws 3, regeneration 1, shaggy fur 1, tough skin 1,
hooves 1, clarity
a: Renounce Religion, Evoke Invisibility


You were on level 7 of the Dungeon.
You worshipped Wu Jian.
Wu Jian was aware of your devotion.
You visited 2 branches of the dungeon, and saw 8 of its levels.

You collected 457 gold pieces.

Inventory:

Hand Weapons
 q - a +1 dagger of electrocution
Missiles
 t - 11 poisoned darts
 w - 2 boomerangs (quivered)
Armour
 b - a +2 kite shield (worn)
 c - +0 steam dragon scales (worn)
 x - a scarf of invisibility (worn)
Wands
 a - a wand of light (12)
 r - a wand of flame (37)
 y - a wand of iceblast (11)
Scrolls
 d - a scroll of teleportation {unknown}
 f - a scroll of poison {unknown}
 g - a scroll of amnesia {unknown}
 h - a scroll of magic mapping {unknown}
 k - a scroll of brand weapon {unknown}
 l - a scroll of blinking {unknown}
 n - a scroll of acquirement {unknown}
 p - a scroll of fear
 u - 2 scrolls of vulnerability {unknown}
 A - a scroll of noise {unknown}
Potions
 i - 2 potions of flight
 o - 3 potions of brilliance
 v - a potion of lignification
 z - 2 potions of attraction
 D - a potion of magic {unknown}


   Skills:
 + Level 5.5 Fighting
 + Level 2.6 Dodging
 + Level 6.1 Shields
 * Level 8.8 Unarmed Combat


You had 8 spell levels left.
You didn't know any spells.
Your spell library contained the following spells:

 Spells                   Type           Power      Damage    Failure   Level
 Kiss of Death            Conj/Necr      0%         2d5       63%         1
 Poisonous Vapours        Pois/Air       0%         N/A       77%         2
 Confusing Touch          Hex            0%         N/A       94%         3
 Mephitic Cloud           Conj/Pois/Air  0%         N/A       94%         3
 Ozocubu's Armour         Ice            0%         N/A       94%         3
 Volatile Blastmotes      Fire/Tloc      0%         2d10      94%         3
 Dispel Undead            Necr           0%         3d6       100%        4
 Fulminant Prism          Conj/Hex       0%         3d5       100%        4
 Iskenderun's Mystic Bla  Conj/Tloc      0%         2d3       100%        4
 Freezing Cloud           Conj/Ice/Air   0%         6-21      100%        5
 Lee's Rapid Deconstruct  Erth           0%         3d4*      100%        5
 Ozocubu's Refrigeration  Ice            0%         4d7       100%        7


Dungeon Overview and Level Annotations

Branches:
Dungeon (7/15)             Temple (1/1) D:5

Altars:
Ashenzari
Cheibriados
Dithmenos
Elyvilon
Fedhas
Gozag
Hepliaklqana
Kikubaaqudgha
Makhleb
Nemelex Xobeh
Qazlal
Ru
Sif Muna
Uskayaw
Vehumet
Wu Jian
Xom
Yredelemnul
Zin
The Shining One


Innate Abilities, Weirdness & Mutations

You are too large for most types of armour.
You have claws for hands.
Your natural rate of healing is unusually fast.
You are covered in fur. (AC +1)
You have tough skin. (AC +1)
You have large cloven feet.
You possess an exceptional clarity of mind.


Message History

You feel invigorated. Something hits you. Something bites you!
Something draws strength from your injuries!
You closely miss something. Something hits you!
Something bites you but does no damage.
You bump into the rock wall.
Something hits you but does no damage. Something bites you!
* * * LOW HITPOINT WARNING * * *
Something draws strength from your injuries!
You miss something.
You hear some strange, mumbled words.
Something tries to affect you, but you resist.
You feel less invigorated.
You feel less confused.
Okay, then.
Okay, then.
You can't see any enemies this would affect, really read the scroll of fear?
Okay, then.
You closely miss something.
You hear some strange, mumbled words.
You are confused.
You feel better.
You hear some strange, mumbled words.
You are confused.
Something hits you. Something bites you but does no damage.
You feel better.
You hear some strange, mumbled words.
You are confused.
You claw something! Something hits you. Something bites you but does no damage.
Something hits you! Something bites you!
Something draws strength from your injuries!
You bump into the rock wall.
Something hits you!
* * * LOW HITPOINT WARNING * * *
Something bites you!
* * * LOW HITPOINT WARNING * * *
Something draws strength from your injuries!
You are too confused!
It was a potion of mutation.
You feel extremely strange.
Your feet thicken and deform.
Your thoughts seem clearer.
Something hits you but does no damage. Something bites you!
You die...

... ####.####
......... ###
........# #..
####.##<# #.# # #.#
##.### #..... #....#
#.###. # #.@#.# .. .
#.##..{.###..### .
#............# .
##########.##.###..#
# ...........##.# #..
###.....####.###.....
#.###...........# #
######.######.#
#.......>.


There were no monsters in sight!

Vanquished Creatures
  2 steam dragons (D:6)
  A water moccasin (D:6)
  Duvessa (D:6)
  4 ice beasts
  A black bear (D:6)
  A centaur (D:6)
  A phantom (D:6)
  A bullfrog (D:6)
  A scorpion (D:4)
  Dowan (D:6)
  6 killer bees (D:7)
  4 hounds
  5 jellies
  4 orc priests
  Jessica (D:2)
  2 sleepcaps
  An iguana (D:7)
  2 orc wizards (D:7)
  Robin (D:2)
  5 adders
  2 shadow imps (D:5)
  2 white imps
  An ufetubus (D:6)
  2 dart slugs (D:5)
  12 orcs
  11 ball pythons
  4 bats
  3 endoplasms
  3 giant cockroaches
  13 goblins
  4 hobgoblins (D:1)
  6 quokkas
  A frilled lizard (D:1)
  4 kobolds
  4 rats
117 creatures vanquished.

Notes
Turn   | Place    | Note
-------+----------+-------------------------------------------
     0 | D:1      | cheesebisquit the Troll Fighter began the quest for the
                  | Orb.
     0 | D:1      | Reached XP level 1. HP: 22/22 MP: 0/0
    98 | D:1      | You fall into a shaft and drop 1 floor!
   183 | D:2      | Reached XP level 2. HP: 26/29 MP: 1/1
   196 | D:2      | Noticed Robin
   227 | D:1      | Found a faded altar of an unknown god.
   928 | D:2      | Reached XP level 3. HP: 36/36 MP: 2/2
   942 | D:2      | Killed Robin
   943 | D:2      | Reached skill level 3 in Unarmed Combat
  1054 | D:2      | Identified the +7 hand axe "Wizuajei" {antimagic, rC+}
  1088 | D:2      | Noticed Jessica
  1095 | D:2      | Killed Jessica
  1096 | D:2      | Reached XP level 4. HP: 41/44 MP: 3/3
  1673 | D:3      | Found an opulent altar of Gozag.
  2348 | D:3      | Reached XP level 5. HP: 53/53 MP: 4/4
  2364 | D:4      | Reached skill level 4 in Unarmed Combat
  2523 | D:4      | Identified the +2 mace of the Turnip {antimagic, rPois rC+
                  | Int+3}
  2572 | D:4      | Reached XP level 6. HP: 59/61 MP: 5/5
  2984 | D:5      | Entered Level 5 of the Dungeon
  3026 | D:5      | Reached skill level 5 in Unarmed Combat
  3093 | D:5      | Found a staircase to the Ecumenical Temple.
  3098 | Temple   | Entered the Ecumenical Temple
  3135 | Temple   | Became a worshipper of the Wu Jian Council
  3150 | D:5      | Noticed an ice beast
  3160 | D:5      | Killed an ice beast
  3184 | D:5      | Noticed an ice beast
  3192 | D:5      | Killed an ice beast
  3193 | D:5      | Reached XP level 7. HP: 68/68 MP: 6/6
  3474 | D:5      | Reached skill level 6 in Unarmed Combat
  3734 | D:6      | Noticed a steam dragon
  4261 | D:6      | Noticed a steam dragon
  4273 | D:6      | Killed a steam dragon
  4274 | D:6      | Reached skill level 5 in Shields
  4274 | D:6      | Reached XP level 8. HP: 75/79 MP: 7/7
  4274 | D:6      | Noticed Duvessa
  4275 | D:6      | Noticed Dowan
  4544 | D:6      | Killed Duvessa
  4544 | D:6      | Reached * piety under Wu Jian
  4545 | D:6      | Reached skill level 7 in Unarmed Combat
  4550 | D:6      | Killed Dowan
  4680 | D:6      | Reached skill level 5 in Fighting
  4947 | D:6      | Reached skill level 8 in Unarmed Combat
  5154 | D:7      | Reached XP level 9. HP: 88/88 MP: 8/8
  5363 | D:7      | Gained mutation: You have large cloven feet. [potion of
                  | mutation]
  5363 | D:7      | Gained mutation: You possess an exceptional clarity of
                  | mind. [potion of mutation]
  5363 | D:7      | Slain by a vampire

Illustrated notes

Levels and vault maps discovered:
D:1:      lemuel_arrival_cross, layout_basic, nicolae_ecumenical_lake_church,
          minmay_pentomino_z2
D:2:      layout_rooms, hangedman_decor_points, uniq_robin, uniq_jessica
D:3:      layout_loops_corners, grunt_gozag_statues, minmay_misc_feat_tiny,
          kennysheep_nondescript, minivault_4
D:4:      layout_rooms, kennysheep_generic_room_5
D:5:      layout_loops_ring, temple_statues
D:6:      layout_loops_ring, st_stairs_6, uniq_duvessa
D:7:      layout_loops_ring, grunt_temple_overflow_bloody_war, corner_web_ring,
          amcnicky_mini_rare_corridor_liquid
Temple:   hellmonk_temple_of_storms

Skill      XL: |  1  2  3  4  5  6  7  8 |
---------------+-------------------------+-----
Shields        | 3 4 5 6 |  6.1
Unarmed Combat | 3 4 5 6 8 |  8.8
Fighting       | 3 4 5 |  5.5
Dodging        | |  2.6

Action                     |  1- 3 |  4- 6 |  7- 9 || total
---------------------------+-------+-------+-------++-------
  Melee: Unarmed           |   101 |   107 |   122 ||   330
  Throw: Boomerang         |       |    32 |    32 ||    64
         Dart              |       |     1 |    11 ||    12
Ability: Lunge             |       |     1 |    13 ||    14
    Use: Potion            |       |     1 |    10 ||    11
         Scroll            |       |       |    13 ||    13
   Stab: Invisible         |       |       |     3 ||     3
 Armour: Robe              |    26 |       |       ||    26
         Animal skin       |     5 |    24 |     8 ||    37
         Steam dragon scal |       |       |    37 ||    37
  Dodge: Dodged            |    43 |    43 |    26 ||   112
  Block: Kite shield       |    35 |    32 |    54 ||   121
